 Dungeon Crawl Stone Soup version 0.17.1-3-g152610e (webtiles) character file.

198 manyhoops the Magician (level 5, -4/28 HPs)
             Began as a Deep Elf Summoner on Apr 7, 2016.
             Slain by a hound (6 damage)
             ... on level 3 of the Dungeon.
             The game lasted 00:15:16 (2932 turns).

manyhoops the Magician (Deep Elf Summoner)          Turns: 2932, Time: 00:15:16

Health: -4/28      AC:  2    Str:  5    XL:     5   Next: 47%
Magic:  7/15       EV: 13    Int: 21    God:
Gold:   208        SH:  0    Dex: 15    Spells: 4 memorised, 6 levels left

rFire  . . .     SeeInvis .     (no weapon)
rCold  . . .     Clarity  .     a - +0 robe
rNeg   . . .     SustAt   .     (no shield)
rPois  .         Gourm    .     (no helmet)
rElec  .         Spirit   .     (no cloak)
rCorr  .         Warding  .     (no gloves)
rMut   .         Stasis   .     (no boots)
MR     .....                    (no amulet)
Stlth  ++........               (no ring)
                                (no ring)

@: not resistant to hostile enchantments, unstealthy
A: no striking features
a: no special abilities


You were on level 3 of the Dungeon.
You were not hungry.

You visited 1 branch of the dungeon, and saw 4 of its levels.

You collected 208 gold pieces.

Inventory:

Armour
 a - a +0 robe (worn)
Jewellery
 o - a cursed ring of teleportation {unknown}
Wands
 p - a wand of lightning (7)
 s - a wand of fire (3)
Scrolls
 d - a scroll of identify {unknown}
 h - a scroll of teleportation
 l - a scroll of enchant weapon {unknown}
 r - a scroll of amnesia {unknown}
 t - a scroll of blinking {unknown}
 u - a scroll of fog {unknown}
Potions
 g - a potion of degeneration {unknown}
 i - a potion of invisibility {unknown}
 m - a potion of flight {unknown}
 n - a potion of might {unknown}
Books
 b - a book of Callings

   Spells                             Type                      Level
   a - Summon Small Mammal            Summoning                    1
   b - Call Imp                       Summoning                    2
   c - Call Canine Familiar           Summoning                    3
   d - Summon Guardian Golem          Hexes/Summoning              3
   e - Summon Lightning Spire         Summoning/Air                4
   f - Summon Ice Beast               Ice/Summoning                4
Comestibles
 c - 4 bread rations
 f - 2 beef jerkies
 j - a slice of pizza
 k - a meat ration


   Skills:
 - Level 2.6 Dodging
 - Level 2.6 Stealth
 + Level 5.9 Spellcasting
 + Level 5.9 Summonings


You had 6 spell levels left.
You knew the following spells:

 Your Spells              Type           Power        Failure   Level  Hunger
a - Summon Small Mammal   Summ           ####         1%          1    None
b - Call Imp              Summ           ####....     1%          2    None
c - Call Canine Familiar  Summ           ####....     2%          3    ##.....
d - Summon Guardian Gole  Hex/Summ       ###.....     12%         3    ##.....


Dungeon Overview and Level Annotations

Branches:
Dungeon (4/15)
 Temple: D:4-7

Altars:
Elyvilon
Nemelex Xobeh


Message History

Gang up on whom?
Press: ? - help, Dir - move target cursor, f - hound
Aim: a hound (moderately wounded) Attack!
Your hound closely misses the hound.
The hound bites you.
* * * LOW HITPOINT WARNING * * *
Your hound closely misses the hound.
The hound bites you.
* * * LOW HITPOINT WARNING * * *
Your hound bites the hound.
The hound bites your hound.
Your hound bites the hound.
The hound misses your hound.
Your hound misses the hound. The hound bites your hound.
Your hound closely misses the hound.
Sorry, you're not good enough to have a special ability.
Your hound closely misses the hound.
Your hound misses the hound. The hound barely misses you.
Your hound bites the hound.
The hound bites you but does no damage.
Your hound barely misses the hound.
The hound bites you.
You die...

#.# ####.†.##......'..
#.######...##.#....#..
#.#...........#....###
#.#.###....####....#
#.#.[......####....###
#.##...)...##...))...#
#..'.h8....##........#
####.h.....##........#
#.@..#####........#
#....'.# #.........
#....#.# #....(....
#....#.# #.....(...
#....#.#########...
#....#.............
##[######....#####.
#)# #....#####.
######.# #....+.....


You could see a hound and a friendly hound.

Vanquished Creatures
  A giant cockroach (D:1)
  A hobgoblin (D:2)
  3 rats
5 creatures vanquished.

Vanquished Creatures (collateral kills)
  The ghost of Zhenya25pyc the Skirmisher, an amateur GrFi (D:3)
  2 orc wizards (D:3)
  2 orc priests (D:3)
  8 adders
  An ooze (D:1)
  A worm (D:2)
  2 giant geckos
  An orc (D:3)
  A ball python (D:3)
  5 bats
  2 giant cockroaches
  10 hobgoblins
  2 jackals (D:2)
  2 quokkas
  4 giant newts
  3 goblins
  10 kobolds
  6 rats
63 creatures vanquished.

Grand Total: 68 creatures vanquished

Notes
Turn   | Place    | Note
--------------------------------------------------------------
     0 | D:1      | manyhoops the Deep Elf Summoner began the quest for the Orb.
     0 | D:1      | Reached XP level 1. HP: 10/10 MP: 6/6
   227 | D:1      | Reached XP level 2. HP: 4/15 MP: 2/8
   607 | D:1      | Learned a level 2 spell: Call Imp
   667 | D:2      | Found a white marble altar of Elyvilon.
   907 | D:2      | Reached XP level 3. HP: 10/19 MP: 5/10
   942 | D:2      | Found a sparkling altar of Nemelex Xobeh.
  1266 | D:2      | Reached skill level 5 in Summonings
  1612 | D:3      | Learned a level 3 spell: Call Canine Familiar
  1871 | D:3      | Reached XP level 4. HP: 6/24 MP: 6/12
  1898 | D:3      | Reached skill level 5 in Spellcasting
  2235 | D:3      | Noticed Zhenya25pyc's ghost (amateur GrFi)
  2271 | D:3      | Killed Zhenya25pyc's ghost
  2271 | D:3      | Reached XP level 5. HP: 28/28 MP: 3/15
  2821 | D:3      | Learned a level 3 spell: Summon Guardian Golem
  2924 | D:3      | HP: 1/28 [hound (5)]
  2932 | D:3      | Slain by a hound

Action                   |  1- 3 |  4- 6 || total
-------------------------+-------+-------++-------
Melee: Unarmed           |    15 |     6 ||    21
 Cast: Summon Small Mamm |    66 |    12 ||    78
       Call Imp          |     9 |     8 ||    17
       Call Canine Famil |     3 |    10 ||    13
       Summon Guardian G |       |     1 ||     1
  Use: Scroll            |     1 |       ||     1
       Potion            |       |     2 ||     2
  Eat: Chunk             |     3 |     4 ||     7
